 Dungeon Crawl Stone Soup version 0.25.1-9-gc5326a611f (webtiles) character file.

Game seed: 4137268036865356250

3217 Revguard the Fey Demonspawn (level 9, 0/66 HPs)
             Began as a Demonspawn Gladiator on Feb 5, 2021.
             Was a Believer of Yredelemnul.
             Slain by a killer bee (9 damage)
             ... on level 8 of the Dungeon.
             The game lasted 00:31:03 (8891 turns).

Revguard the Fey Demonspawn (Demonspawn Gladiator)  Turns: 8891, Time: 00:31:03

Health: 0/66       AC: 18    Str: 16    XL:     9   Next: 65%
Magic:  0/14       EV: 12    Int: 11    God:    Yredelemnul [**....]
Gold:   277        SH:  0    Dex: 15    Spells: 8/8 levels left

rFire    . . .     SeeInvis .   a - +2 long sword
rCold    . . .     Gourm    .   (no shield)
rNeg     . . .     Faith    .   l - +2 scale mail {rPois}
rPois    +         Spirit   +   h - +2 helmet
rElec    .         Reflect  .   (no cloak)
rCorr    +         Harm     .   (no gloves)
MR       .....                  (boots unavailable)
Stlth    ..........             (no amulet)
HPRegen  0.21/turn              k - ring of resist corrosion
MPRegen  0.14/turn              p - ring of poison resistance

@: lethally poisoned (0 -> -13), injury mirror, sanguine armour
A: hooves 3, magic shield, rot immunity, sanguine armour 1
a: Animate Remains, Recall Undead Slaves, Injury Mirror, Renounce Religion


You were on level 8 of the Dungeon.
You worshipped Yredelemnul.
Yredelemnul was pleased with you.
You were hungry.

You visited 1 branch of the dungeon, and saw 8 of its levels.

You collected 460 gold pieces.
You spent 183 gold pieces at shops.

Inventory:

Hand Weapons
 a - a +2 long sword (weapon)
Missiles
 d - 5 throwing nets
 e - 21 poisoned darts
 i - 14 boomerangs (quivered)
Armour
 c - a +0 ring mail of cold resistance
 h - a +2 helmet (worn)
 l - a +2 scale mail of poison resistance (worn)
Jewellery
 k - a ring of resist corrosion (left hand)
 m - an uncursed ring of wizardry
 p - a ring of poison resistance (right hand)
 C - a +4 ring of evasion {unknown}
Wands
 b - a wand of flame (31)
Scrolls
 j - 2 scrolls of amnesia
 r - 5 scrolls of remove curse
 t - 6 scrolls of identify
 w - a scroll of magic mapping {unknown}
 y - a scroll of fog
 A - 3 scrolls of enchant weapon
 B - a scroll of enchant armour {unknown}
Potions
 n - a potion of cancellation
 o - a potion of curing
 q - a potion of flight
 s - a potion of magic
 u - a potion of lignification
 v - 2 potions of ambrosia
 x - 3 potions of haste
Comestibles
 f - 11 rations


   Skills:
 + Level 4.7 Fighting
 + Level 7.4 Long Blades
 - Level 2.1 Throwing
 + Level 4.5 Armour
 + Level 4.4 Dodging
 + Level 0.2 Spellcasting
 * Level 7.6 Invocations
 * Level 5.2 Evocations


You had 8 spell levels left.
You didn't know any spells.
Your spell library contained the following spells:

 Spells                   Type           Power        Failure   Level  Hunger
 Magic Dart               Conj           #...         75%         1    ##.....
 Blink                    Tloc           N/A          87%         2    ###....
 Call Imp                 Summ           #.......     87%         2    ###....
 Slow                     Hex            #.......     87%         2    ###....
 Conjure Flame            Conj/Fire      #.......     98%         3    ####...
 Mephitic Cloud           Conj/Pois/Air  #.......     98%         3    ####...


Dungeon Overview and Level Annotations

Branches:
Dungeon (8/15)             Temple (0/1) D:7
   Lair: D:8-11

Altars:
Dithmenos
Hepliaklqana
Uskayaw
Yredelemnul
The Shining One

Shops:
D:4 :   D:5 *

Annotations:
D:4 2 transporters, sirjames's ghost, novice OgWz
D:7 2 transporters


Innate Abilities, Weirdness & Mutations

You have hooves in place of feet.
When hurt, damage is shared between your health and your magic reserves.
You are immune to rotting.
When seriously injured, your bleeding wounds create armour. (AC +6)


Message History

The killer bee is heavily wounded.
The killer bee stings you!
* * * LOW HITPOINT WARNING * * *
Yredelemnul mirrors your injury!
The killer bee is heavily wounded.
The queen bee stings you.
* * * LOW HITPOINT WARNING * * *
Yredelemnul mirrors your injury!
The queen bee is moderately wounded.
As you read the scroll of fear, it crumbles to dust.
You assume a fearsome visage.
The killer bee looks frightened!
The queen bee looks frightened!
The worker ant looks frightened!
* * * LOW HITPOINT WARNING * * *
You feel sick. The killer bee stings you!
* * * LOW HITPOINT WARNING * * *
Yredelemnul mirrors your injury!
The killer bee is severely wounded.
The killer bee stings you!
You die...
Your body rises from the dead as a mindless zombie.

# #...# ...
%##....# +#..##
#.#...#
......####.....##
................#
.........y......#
...>....yyy.....#
.........@......#
.......<.a......#
########.......##
#..######## .....
#..... #.....
#..... ##..##


You could see a queen bee (fleeing), a worker ant (fleeing) and 3 killer bees.

Vanquished Creatures
  Pikel (D:6)
  Duvessa (D:4)
  A water moccasin (D:6)
  2 slaves (D:6)
  An ice beast (D:5)
  3 orc warriors
  An ogre (D:6)
  3 phantoms
  5 centaurs
  A bullfrog (D:7)
  Dowan (D:4)
  A wyvern skeleton (D:6)
  A scorpion (D:5)
  7 killer bees (D:8)
  5 wights (D:6)
  2 crimson imps
  2 orc priests (D:5)
  A hound (D:5)
  3 orc wizards
  A bullfrog skeleton (D:7)
  2 centaur skeletons
  6 worker ants
  A hound skeleton (D:8)
  A worker ant zombie (D:5)
  Robin (D:4)
  A howler monkey skeleton (D:4)
  8 adders
  An orc skeleton (D:6)
  A shadow imp (D:7)
  2 oozes
  An adder skeleton (D:7)
  5 worms
  3 dart slugs
  4 leopard geckos
  19 orcs
  A ball python (D:3)
  3 giant cockroaches
  13 goblins
  12 hobgoblins
  8 bats
  4 frilled lizards
  A jackal skeleton (D:4)
  8 kobolds
  A leopard gecko skeleton (D:5)
  A quokka skeleton (D:5)
  A quokka zombie (D:5)
  6 rats
158 creatures vanquished.

Vanquished Creatures (collateral kills)
  A centaur (D:6)
  A crimson imp (D:7)
  A worker ant (D:7)
  An adder (D:4)
  An ooze (D:4)
  3 orcs
  A quokka (D:6)
  A rat (D:3)
10 creatures vanquished.

Vanquished Creatures (others)
  A sky beast (D:6)
  A water moccasin zombie (D:6)
  A centaur skeleton (D:5)
  An orc wizard (D:7)
  A worker ant zombie (D:5)
  A worm zombie (D:4)
  3 adder skeletons
  A leopard gecko skeleton (D:5)
  3 orc skeletons
  2 orc zombies (D:5)
  A quokka skeleton (D:6)
16 creatures vanquished.

Grand Total: 184 creatures vanquished

Notes
Turn   | Place    | Note
-------+----------+-------------------------------------------
     0 | D:1      | Revguard the Demonspawn Gladiator began the quest for the
                  | Orb.
     0 | D:1      | Reached XP level 1. HP: 16/16 MP: 1/1
   120 | D:1      | Gained mutation: When hurt, damage is shared between your
                  | health and your magic reserves. [demonic ancestry]
   120 | D:1      | Reached XP level 2. HP: 22/22 MP: 2/2
   971 | D:2      | Reached XP level 3. HP: 12/27 MP: 1/3
  1774 | D:2      | Found a basalt altar of Yredelemnul.
  1787 | D:2      | Became a worshipper of Yredelemnul the Dark
  2088 | D:3      | Reached skill level 1 in Invocations
  2126 | D:3      | Gained mutation: You have large cloven feet. [demonic
                  | ancestry]
  2126 | D:3      | Reached XP level 4. HP: 27/33 MP: 4/4
  2603 | D:3      | Reached * piety under Yredelemnul
  3111 | D:4      | Gained mutation: You have hoof-like feet. [demonic
                  | ancestry]
  3111 | D:4      | Reached XP level 5. HP: 32/39 MP: 6/6
  3214 | D:4      | Reached skill level 1 in Armour
  3332 | D:4      | Noticed sirjames's ghost (novice OgWz)
  3337 | D:4      | Found a transporter.
  3359 | D:4      | Found a transporter.
  3416 | D:4      | Found a shadowy altar of Dithmenos.
  3437 | D:4      | Reached skill level 1 in Evocations
  3515 | D:4      | Found a hazy altar of Hepliaklqana.
  3531 | D:4      | Found Heufot's Book Shop.
  3602 | D:4      | Noticed Duvessa
  3602 | D:4      | Noticed Dowan
  3638 | D:4      | Killed Duvessa
  3638 | D:4      | Gained mutation: You are immune to rotting. [demonic
                  | ancestry]
  3638 | D:4      | Reached XP level 6. HP: 14/46 MP: 2/8
  3639 | D:4      | HP: 2/46 [Dowan/stone arrow (10)]
  3649 | D:4      | Killed Dowan
  3921 | D:4      | Noticed Robin
  3937 | D:4      | Killed Robin
  4247 | D:4      | Found a glowing golden altar of the Shining One.
  4586 | D:5      | Entered Level 5 of the Dungeon
  4586 | D:5      | Found Gunwaacs's Assorted Antiques.
  4605 | D:5      | Reached XP level 7. HP: 48/52 MP: 6/9
  4620 | D:5      | Reached ** piety under Yredelemnul
  4694 | D:5      | Bought a brown potion for 24 gold pieces
  4694 | D:5      | Bought a scroll of identify for 54 gold pieces
  4694 | D:5      | Bought a scroll of remove curse for 81 gold pieces
  4694 | D:5      | Bought a fuming silvery potion for 24 gold pieces
  4765 | D:5      | Reached skill level 5 in Long Blades
  5663 | D:5      | Reached skill level 5 in Invocations
  5663 | D:5      | Gained mutation: You have hooves in place of feet. [demonic
                  | ancestry]
  5663 | D:5      | Reached XP level 8. HP: 59/59 MP: 8/11
  5722 | D:5      | Found a hide-covered altar of Uskayaw.
  6591 | D:6      | Noticed Pikel
  6606 | D:6      | Killed Pikel
  7068 | D:6      | Gained mutation: When seriously injured, your bleeding
                  | wounds create armour. (AC +6) [demonic ancestry]
  7068 | D:6      | Reached XP level 9. HP: 49/65 MP: 10/13
  7716 | D:7      | Found a transporter.
  8187 | D:7      | Noticed a fire crab
  8200 | D:7      | Noticed a kobold demonologist
  8208 | D:7      | Found a transporter.
  8248 | D:7      | Reached skill level 5 in Evocations
  8805 | D:7      | Found a staircase to the Ecumenical Temple.
  8878 | D:8      | Reached *** piety under Yredelemnul
  8878 | D:8      | Noticed a queen bee
  8891 | D:8      | Slain by a killer bee

Illustrated notes

Levels and vault maps discovered:
D:1:      elethiomel_arrival_maze, layout_basic
D:2:      layout_loops_ring, yredelemnul_altar_generic
D:3:      layout_loops_ring, minmay_joined_circles
D:4:      layout_basic, kennysheep_mini, kennysheep_little_box,
          gammafunk_ghost_arena, serial_shops, nicolae_shop_behind_doors,
          chequers_hall_statues_wall_a, nicolae_tso_carved_into_rock,
          uniq_robin, uniq_duvessa
D:5:      layout_loops_ring, marbit_many_paths, nicolae_overflow_hidden_temple,
          first_ration, serial_shops, nicolae_shop_window_shopping
D:6:      layout_loops_ring, uniq_pikel
D:7:      gammafunk_wand_slinger, layout_basic, temple_hall
D:8:      layout_gridville, zin_purify, due_lair_maze_entry_diamond,
          david_nohive_1, uniq_maggie, uniq_psyche

Skill      XL: |  1  2  3  4  5  6  7  8  9 |
---------------+----------------------------+-----
Long Blades    | 3 4 5 6 7 |  7.4
Dodging        | 3 4 |  4.4
Throwing       | 2 |  2.1
Invocations    | 1 2 3 5 6 7 |  7.6
Armour         | 1 2 3 4 |  4.5
Evocations     | 1 2 3 4 5 |  5.2
Fighting       | 3 4 |  4.7
Spellcasting   | |  0.2

Action                   |  1- 3 |  4- 6 |  7- 9 || total
-------------------------+-------+-------+-------++-------
Melee: Long sword        |    98 |   138 |   242 ||   478
       Kick              |       |    41 |    78 ||   119
Throw: Dart              |    16 |       |    13 ||    29
       Boomerang         |       |       |    11 ||    11
Invok: Animate Remains   |       |    13 |    19 ||    32
       Recall Undead Sla |       |       |     3 ||     3
       Injury Mirror     |       |       |     2 ||     2
Evoke: Wand              |       |     1 |     4 ||     5
  Use: Scroll            |     7 |     6 |     9 ||    22
       Potion            |     2 |     8 |     3 ||    13
 Stab: Distracted        |       |       |     2 ||     2
  Eat: Chunk             |     4 |    10 |    13 ||    27
       Ration            |       |       |     2 ||     2
Armor: Leather armour    |    17 |       |       ||    17
       Robe              |    16 |       |       ||    16
       Ring mail         |    15 |    48 |    31 ||    94
       Scale mail        |       |     3 |   105 ||   108
Dodge: Dodged            |    77 |   109 |   180 ||   366
       Rpst.: Long sword |    22 |    30 |    42 ||    94
